 Dungeon Crawl Stone Soup version 0.25.1-1-g288607f5aa (webtiles) character file.

Game seed: 10159709654955422510

124048 protoss039 the Slicer (level 16, 0/125 HPs)
             Began as a Gnoll Arcane Marksman on July 23, 2020.
             Was a High Priest of Ashenzari.
             Killed by the air
             ... invoked by a wind drake
              (26 damage)
             ... on level 4 of the Shoals.
             The game lasted 04:13:35 (45278 turns).

protoss039 the Slicer (Gnoll Arcane Marksman)      Turns: 45278, Time: 04:13:36

Health: 0/125      AC: 10    Str: 21    XL:     16   Next: 92%
Magic:  6/31       EV: 21    Int: 16    God:    Ashenzari [*****.]
Gold:   731        SH:  0    Dex: 14    Spells: 4/37 levels left

rFire    + . .     SeeInvis +   V - +8 longbow of Oreenelo {vorpal, rF+ rC+ Dex-4}
rCold    + . .     Gourm    .   (shield currently unavailable)
rNeg     . . .     Faith    .   A - +0 steam dragon scales (curse)
rPois    .         Spirit   .   (no helmet)
rElec    .         Reflect  .   Q - scarf {repulsion} (curse)
rCorr    +         Harm     .   H - +0 pair of gloves of Senn {rCorr Str+4} (curse)
MR       ++...     Clarity  +   c - +0 pair of boots (curse)
Stlth    +++++.....             K - amulet of regeneration (curse)
HPRegen  0.70/turn              S - ring of flight
MPRegen  0.22/turn              x - ring of protection from magic (curse)

@: flying, studying Short Blades, repel missiles
A: distributed training, fangs 1, strong nose
a: Curse Item, Scrying, Renounce Religion, Stop Flying


You were on level 4 of the Shoals.
You worshipped Ashenzari.
Ashenzari was extremely pleased with you.
You were very hungry.

You visited 5 branches of the dungeon, and saw 28 of its levels.
You also visited: Bailey and Gauntlet.

You collected 4737 gold pieces.
You spent 4006 gold pieces at shops.

Inventory:

Hand Weapons
 v - the +10 short sword of Wyrd {vamp, rC+ MR+ Str+3 Int-5}
   (You found it on level 1 of the Lair of Beasts)

   It inflicts no extra harm, but heals its wielder when it wounds a living foe.
   It affects your strength (+3).
   It affects your intelligence (-5).
   It protects you from cold.
   It affects your resistance to hostile enchantments.
 B - the +11 quarterstaff "Wyat" {venom, rPois rN+ Int+4}
   (You found it on level 6 of the Dungeon)

   It poisons the flesh of those it strikes.
   It affects your intelligence (+4).
   It protects you from poison.
   It protects you from negative energy.
 O - the +8 dagger of Wutau {flame, rC+ Stlth+}
   (You bought it in a shop on level 14 of the Dungeon)

   It has been specially enchanted to burn those struck by it, causing extra
   injury to most foes and up to half again as much damage against particularly
   susceptible opponents.
   It protects you from cold.
   It makes you more stealthy.
 V - the +8 longbow of Oreenelo (weapon) {vorpal, rF+ rC+ Dex-4}
   (You found it in a Gauntlet)

   Any arrow fired from it inflicts extra damage.
   It affects your dexterity (-4).
   It protects you from fire.
   It protects you from cold.
Missiles
 m - 136 arrows (quivered)
Armour
 a - a scarf of resistance
 c - a cursed +0 pair of boots (worn)
 A - cursed +0 steam dragon scales (worn)
 H - the cursed +0 pair of gloves of Senn (worn) {rCorr Str+4}
   (You found it on level 13 of the Dungeon)

   It affects your strength (+4).
   It provides partial protection from all sources of acid and corrosion.
   It has a curse placed upon it.
 Q - a cursed scarf of repulsion (worn)
Magical Staves
 W - an uncursed staff of wizardry
Jewellery
 i - an uncursed ring of protection from fire
 x - a cursed ring of protection from magic (right hand)
 G - an uncursed ring of positive energy
 K - a cursed amulet of regeneration (around neck)
 S - a ring of flight (left hand)
 Z - a +6 ring of strength
Wands
 b - a wand of paralysis (22)
 d - a wand of iceblast (27)
 r - a wand of enslavement (10)
 w - a wand of digging (17)
 F - a wand of flame (42)
 I - a wand of disintegration (12)
 P - a wand of clouds (5)
 U - a wand of acid (12)
Scrolls
 k - 10 scrolls of teleportation
 l - 3 scrolls of blinking
 n - 6 scrolls of amnesia
 o - 2 scrolls of magic mapping
 p - a scroll of summoning
 q - a scroll of fog
 s - 7 scrolls of remove curse
 y - 5 scrolls of enchant armour
 C - 3 scrolls of enchant weapon
 E - 4 scrolls of fear
 J - a scroll of brand weapon {unknown}
 L - 5 scrolls of identify
Potions
 e - 2 potions of berserk rage
 g - 4 potions of lignification
 h - 2 potions of invisibility
 j - 4 potions of flight
 t - 3 potions of stabbing
 u - 2 potions of brilliance
 z - 3 potions of heal wounds
 D - 5 potions of curing
 N - 3 potions of mutation
 R - 4 potions of might
 X - a potion of resistance {unknown}
 Y - 2 potions of magic {unknown}
Books
 M - a manual of Short Blades
Comestibles
 f - 26 rations
 T - 5 chunks of flesh


   Skills:
 + Level 11.2 Fighting
 + Level 11.9 Short Blades
 + Level 11.0 Long Blades
 + Level 11.0 Axes
 + Level 11.0 Maces & Flails
 + Level 11.0 Polearms
 + Level 11.0 Staves
 + Level 11.0 Slings
 + Level 11.8 Bows
 + Level 11.0 Crossbows
 + Level 11.0 Throwing
 + Level 11.0 Armour
 + Level 11.8(14.1) Dodging
 + Level 11.0(13.4) Stealth
 + Level 11.0 Shields
 + Level 11.0 Unarmed Combat
 + Level 11.3 Spellcasting
 + Level 9.3(11.8) Conjurations
 + Level 10.7(13.1) Hexes
 + Level 9.3(11.8) Charms
 + Level 9.3(11.8) Summonings
 + Level 9.3(11.8) Necromancy
 + Level 9.3(11.8) Translocations
 + Level 9.3(11.8) Transmutations
 + Level 9.3(11.8) Fire Magic
 + Level 9.3(11.8) Ice Magic
 + Level 9.3(11.8) Air Magic
 + Level 9.3(11.8) Earth Magic
 + Level 9.3(11.8) Poison Magic
 + Level 11.8 Invocations
 + Level 11.0(13.4) Evocations


You had 4 spell levels left.
You knew the following spells:

 Your Spells              Type           Power        Failure   Level  Hunger
a - Stone Arrow           Conj/Erth      #####.       1%          3    None
b - Slow                  Hex            ######..     1%          2    None
c - Confusing Touch       Hex            ######..     1%          3    None
d - Tukima's Dance        Hex            ######..     1%          3    None
e - Ensorcelled Hibernat  Hex/Ice        #####.       1%          2    None
f - Cause Fear            Hex            ######....   1%          4    ###....
g - Mephitic Cloud        Conj/Pois/Air  #####...     1%          3    None
h - Iron Shot             Conj/Erth      #####.....   10%         6    ######.
i - Spellforged Servitor  Conj/Summ      #####.....   45%         7    #######

Your spell library contained the following spells:

 Spells                   Type           Power        Failure   Level  Hunger
 Animate Skeleton         Necr           N/A          1%          1    None
 Apportation              Tloc           #####.       1%          1    None
 Corona                   Hex            ######.      1%          1    None
 Freeze                   Ice            ####         1%          1    None
 Magic Dart               Conj           ####         1%          1    None
 Sandblast                Erth           #####.       1%          1    None
 Summon Butterflies       Summ           #####...     1%          1    None
 Summon Small Mammal      Summ           ####         1%          1    None
 Blink                    Tloc           N/A          1%          2    None
 Call Imp                 Summ           #####...     1%          2    None
 Passwall                 Tmut/Erth      #####...     1%          2    None
 Poisonous Vapours        Pois/Air       #####.       1%          2    None
 Song of Slaying          Chrm           #####...     1%          2    None
 Conjure Flame            Conj/Fire      #####...     1%          3    None
 Dazzling Flash           Conj/Hex       #####.       1%          3    None
 Frozen Ramparts          Ice            #####.       1%          3    None
 Gell's Gravitas          Tloc           #####.....   1%          3    None
 Ignite Poison            Fire/Tmut/Pois #####...     1%          3    None
 Inner Flame              Hex/Fire       #####...     1%          3    None
 Ozocubu's Armour         Chrm/Ice       #####...     1%          3    None
 Portal Projectile        Hex/Tloc       #####.       1%          3    None
 Recall                   Summ/Tloc      N/A          1%          3    None
 Animate Dead             Necr           N/A          1%          4    ###....
 Hailstorm                Conj/Ice       #####...     1%          4    ###....
 Ice Form                 Ice/Tmut       #####...     1%          4    ###....
 Leda's Liquefaction      Hex/Erth       #####.....   1%          4    ###....
 Petrify                  Tmut/Erth      #####...     1%          4    ###....
 Summon Ice Beast         Ice/Summ       #####...     1%          4    ###....
 Bolt of Magma            Conj/Fire/Erth #####.....   1%          5    #####..
 Borgnjor's Vile Clutch   Necr/Erth      #####.....   1%          5    #####..
 Fireball                 Conj/Fire      #####.....   1%          5    #####..
 Iskenderun's Battlesphe  Conj/Chrm      #####...     1%          5    #####..
 Lee's Rapid Deconstruct  Erth           #####.....   1%          5    #####..
 Metabolic Englaciation   Hex/Ice        #####.....   1%          5    #####..
 Summon Forest            Summ/Tloc      #####.....   1%          5    #####..
 Summon Mana Viper        Hex/Summ       #####...     1%          5    #####..
 Yara's Violent Unravell  Hex/Tmut       #####.....   1%          5    #####..
 Death Channel            Necr           #####.....   10%         6    ######.
 Freezing Cloud           Conj/Ice/Air   #####.....   10%         6    ######.
 Ozocubu's Refrigeration  Ice            #####.....   10%         6    ######.
 Simulacrum               Ice/Necr       #####.....   10%         6    ######.
 Starburst                Conj/Fire      #####.....   10%         6    ######.
 Orb of Destruction       Conj           #####.....   45%         7    #######
 Ring of Flames           Chrm/Fire      #####.....   45%         7    #######
 Ignition                 Fire           #####.....   99%         8    #######


Dungeon Overview and Level Annotations

Branches:
Dungeon (15/15)            Temple (1/1) D:5            Lair (6/6) D:11
 Shoals (4/4) Lair:2       Spider (0/4) Lair:4        Slime (0/5) Lair:5
    Orc (2/2) D:10            Elf (0/3) Orc:2        Vaults (0/5) D:13
 Bailey (visited)         Gauntlet (visited)
 Depths: D:15

Altars:
Ashenzari
Cheibriados
Dithmenos
Elyvilon
Fedhas
Gozag
Hepliaklqana
Kikubaaqudgha
Makhleb
Nemelex Xobeh
Okawaru
Qazlal
Ru
Sif Muna
Trog
Uskayaw
Vehumet
Wu Jian
Xom
Yredelemnul
Zin
The Shining One
Jiyva

Shops:
D:14 (   Orc:2 %**:   Shoals:4 *[=(

Annotations:
D:5 2 transporters, sanka's ghost, amateur HaIE
D:13 3 runed translucent doors, Mehrius's ghost, journeyman SpAs
D:15 Kirke
Shoals:2 1 exclusion
Shoals:3 2 exclusions
Orc:1 1 exclusion


Innate Abilities, Weirdness & Mutations

Your experience applies equally to all skills.
You have very sharp teeth.
Your uncanny sense of smell can sniff out nearby items.


Message History

* * * LOW HITPOINT WARNING * * *
Unknown command.
Okay, then.
You feel much better.
The wind drake exhales a fierce blast of wind!
You are blown backwards!
Unknown command.
Okay, then.
The wind drake flaps its wings at you.
The air twists around and violently strikes you in flight!!
* * * LOW HITPOINT WARNING * * *
Unknown command.
Unknown command.
Unknown command.
Okay, then.
As you read the scroll of fog, it crumbles to dust.
The scroll dissolves into smoke.
The wind drake flaps its wings at you.
The air twists around and violently strikes you in flight!!
You die...

≈ ≈ ≈≈*##..##..##().... ≈
≈≈≈≈≈≈≈≈#...≈...##(.(..( ≈
≈≈≈≈≈≈≈≈≈###.#.#.###(..... ≈
≈≈≈≈≈≈≈≈≈≈##≈..(≈###...≈≈≈ ≈≈
≈ ≈≈≈≈≈≈≈≈≈#..#.#.≈##...≈≈( ≈
≈≈≈≈≈P≈≈≈#...≈...#...(≈≈≈ ≈≈≈
≈≈≈≈≈≈PP≈§##.≈.#.###...≈≈≈ ≈
≈≈≈≈≈PPP§§§#######.....≈≈≈ ≈
≈≈≈≈≈≈≈≈P§§@§§#≈≈#≈#.....≈≈≈
≈≈≈
≈≈≈≈≈≈≈≈§§§≈≈≈≈........≈≈≈ ≈
≈≈≈≈≈≈≈≈§≈.§≈≈≈.....∩[≈≈≈≈
≈≈≈≈≈≈≈≈≈≈≈≈≈≈≈≈≈≈≈.....≈≈≈≈≈
≈ ≈
≈≈≈≈≈≈≈≈≈≈≈≈(≈≈≈≈..≈≈≈≈≈≈≈ ≈
≈≈≈≈≈≈≈≈≈≈≈≈≈≈≈≈≈♣≈≈≈≈≈≈≈≈ ≈≈
≈≈≈≈≈≈≈(≈≈≈≈≈≈≈≈≈≈≈≈≈≈≈≈≈≈
≈≈≈≈≈≈≈≈≈≈≈≈≈≈≈≈≈k(♣∩♣≈≈≈....
≈≈ ≈≈≈≈≈≈≈≈≈≈≈≈≈≈≈≈≈≈≈≈..)...


You could see a wind drake (repels missiles).

Vanquished Creatures
  Polyphemus (Shoals:3)
  A minotaur (Gauntlet)
  A merfolk javelineer (Shoals:3)
  5 merfolk impalers
  Snorg (Lair:3)
  6 hydras
  Fannar (Lair:2)
  A great orb of eyes (Gauntlet)
  5 vault guards (D:13)
  2 catoblepae
  Harold (D:10)
  3 centaur warriors
  2 two-headed ogres (D:11)
  3 merfolk avatars
  4 merfolk aquamancers
  2 satyrs
  2 death yaks
  A tengu warrior (D:14)
  Urug (Lair:2)
  A deep elf knight (D:13)
  16 sea snakes
  2 unseen horrors
  A wizard (D:13)
  A necromancer (D:14)
  6 harpies
  4 orc knights
  6 cyclopes
  2 deep elf magi
  An orb spider (Lair:4)
  11 fauns
  An orc sorcerer (D:13)
  3 ugly things
  11 manticores
  2 centaur zombies
  8 water nymphs
  2 black mambas
  7 merfolk sirens
  26 spiny frogs
  3 gargoyles
  4 rime drakes (Lair:5)
  A centaur skeleton (D:14)
  Psyche (D:11)
  9 komodo dragons
  A kobold demonologist (D:10)
  Maggie (D:8)
  6 trolls
  28 merfolk
  A tengu conjurer (D:14)
  A hornet (D:12)
  7 wind drakes
  2 polar bears
  5 tyrant leeches (Lair:6)
  13 hippogriffs
  A meliai zombie (D:13)
  6 slime creatures
  16 blink frogs
  11 snapping turtles
  8 dream sheep
  A dancing weapon (D:13)
  9 water elementals
  2 humans
  Sigmund (D:5)
  2 wraiths
  15 wyverns
  32 yaks
  Eustachio (D:5)
  3 hogs
  A golden eye (shapeshifter) (D:14)
  9 basilisks
  10 vampire mosquitoes
  A warg (Orc:1)
  A hell hound (Gauntlet)
  9 porcupines
  7 water moccasins
  A black bear (D:9)
  28 orc warriors
  3 sky beasts
  4 ice beasts
  An eye of draining (D:11)
  2 phantoms
  7 ogres
  19 wolves
  15 centaurs
  A necrophage (D:7)
  8 crocodiles
  8 big kobolds
  Blork the orc (D:5)
  20 bullfrogs
  A wyvern zombie (D:14)
  9 gnoll sergeants
  3 wyvern skeletons
  4 killer bees (D:7)
  4 scorpions
  An electric eel (Lair:2)
  6 howler monkeys
  10 crimson imps
  3 jellies
  7 orc priests
  8 hounds
  6 gnoll shamans (Bailey)
  23 orc wizards
  2 iguanas
  Ijyb (D:5)
  7 worker ants
  A hound zombie (D:7)
  A worker ant zombie (D:11)
  A howler monkey skeleton (D:6)
  11 adders
  24 gnolls
  2 river rats (D:3)
  5 shadow imps
  An ooze (D:5)
  An adder zombie (D:10)
  4 adder skeletons
  A worm (D:4)
  5 dart slugs
  4 leopard geckos
  48 orcs
  3 giant cockroaches
  12 goblins
  9 hobgoblins
  16 jackals
  66 kobolds
  3 quokkas
  9 bats
  3 frilled lizards
  A jackal zombie (D:7)
  A leopard gecko skeleton (D:4)
  A quokka skeleton (D:10)
  A quokka zombie (D:8)
  16 rats
  A plant (Lair:6)
847 creatures vanquished.

Vanquished Creatures (collateral kills)
  An orc warrior (D:10)
  2 ogres (D:7)
  A quasit (D:12)
  An orc (D:12)
5 creatures vanquished.

Vanquished Creatures (others)
  A merfolk siren (Shoals:4)
  A water nymph (Shoals:1)
  5 dancing weapons
  A bush (Lair:6)
  11 fungi
  55 plants
74 creatures vanquished.

Grand Total: 926 creatures vanquished

Notes
Turn   | Place    | Note
-------+----------+-------------------------------------------
     0 | D:1      | protoss039 the Gnoll Arcane Marksman began the quest for
                  | the Orb.
     0 | D:1      | Reached XP level 1. HP: 17/17 MP: 4/4
   124 | D:1      | Reached XP level 2. HP: 23/23 MP: 5/5
   934 | D:1      | Reached XP level 3. HP: 24/28 MP: 7/7
  1074 | D:1      | HP: 1/28 [kobold (2)]
  1888 | D:1      | Reached skill level 1 in Invocations
  1925 | D:1      | Learned a level 2 spell: Slow
  2414 | D:2      | Found a sacrificial altar of Ru.
  2422 | D:2      | Reached skill level 1 in Short Blades
  2422 | D:2      | Reached skill level 1 in Long Blades
  2422 | D:2      | Reached skill level 1 in Axes
  2422 | D:2      | Reached skill level 1 in Maces & Flails
  2422 | D:2      | Reached skill level 1 in Polearms
  2422 | D:2      | Reached skill level 1 in Staves
  2422 | D:2      | Reached skill level 1 in Slings
  2422 | D:2      | Reached skill level 1 in Crossbows
  2422 | D:2      | Reached skill level 1 in Throwing
  2422 | D:2      | Reached skill level 1 in Armour
  2422 | D:2      | Reached skill level 1 in Stealth
  2422 | D:2      | Reached skill level 1 in Shields
  2422 | D:2      | Reached skill level 1 in Unarmed Combat
  2422 | D:2      | Reached skill level 1 in Evocations
  2469 | D:2      | Reached XP level 4. HP: 34/34 MP: 8/8
  2733 | D:2      | Reached skill level 1 in Conjurations
  2733 | D:2      | Reached skill level 1 in Charms
  2733 | D:2      | Reached skill level 1 in Summonings
  2733 | D:2      | Reached skill level 1 in Necromancy
  2733 | D:2      | Reached skill level 1 in Translocations
  2733 | D:2      | Reached skill level 1 in Transmutations
  2733 | D:2      | Reached skill level 1 in Fire Magic
  2733 | D:2      | Reached skill level 1 in Ice Magic
  2733 | D:2      | Reached skill level 1 in Air Magic
  2733 | D:2      | Reached skill level 1 in Earth Magic
  2733 | D:2      | Reached skill level 1 in Poison Magic
  3055 | D:2      | Learned a level 3 spell: Confusing Touch
  3059 | D:2      | Learned a level 3 spell: Tukima's Dance
  3093 | D:3      | Reached XP level 5. HP: 18/40 MP: 9/9
  4351 | D:3      | Reached XP level 6. HP: 44/47 MP: 7/10
  4921 | D:4      | Reached skill level 5 in Bows
  4921 | D:4      | Reached skill level 5 in Dodging
  5440 | D:4      | Reached XP level 7. HP: 32/52 MP: 7/12
  6302 | D:4      | Learned a level 2 spell: Ensorcelled Hibernation
  6303 | D:5      | Entered Level 5 of the Dungeon
  6913 | D:5      | Noticed Sigmund
  6916 | D:5      | Found a transporter.
  6923 | D:5      | Killed Sigmund
  6923 | D:5      | Reached XP level 8. HP: 60/60 MP: 5/14
  7078 | D:5      | Found a staircase to the Ecumenical Temple.
  7185 | D:5      | Noticed Blork the orc
  7197 | D:5      | Killed Blork the orc
  7201 | Temple   | Entered the Ecumenical Temple
  7761 | D:5      | Noticed Eustachio
  7943 | D:5      | Noticed sanka's ghost (amateur HaIE)
  8009 | D:5      | Found a transporter.
  8295 | D:5      | Killed Eustachio
  8473 | D:5      | Noticed Ijyb
  8483 | D:5      | Killed Ijyb
  9051 | D:5      | Learned a level 4 spell: Cause Fear
  9189 | D:6      | Reached XP level 9. HP: 66/66 MP: 14/16
 10271 | D:7      | Found a bloodstained altar of Trog.
 10567 | D:7      | Reached skill level 5 in Spellcasting
 10620 | D:7      | Found a shattered altar of Ashenzari.
 10632 | D:7      | Became a worshipper of Ashenzari the Shackled
 10860 | D:7      | Reached skill level 5 in Fighting
 11263 | D:7      | Found a blossoming altar of Fedhas.
 11643 | D:8      | Noticed Maggie
 11657 | D:8      | Killed Maggie
 11657 | D:8      | Reached skill level 5 in Invocations
 12411 | D:8      | Learned a level 3 spell: Mephitic Cloud
 12520 | D:6      | Got the quarterstaff "Wyat" {venom, rPois rN+ Int+4}
 12521 | D:6      | Identified the +11 quarterstaff "Wyat" {venom, rPois rN+
                  | Int+4} (You found it on level 6 of the Dungeon)
 12653 | D:9      | Reached XP level 10. HP: 53/73 MP: 18/18
 13386 | D:9      | Reached skill level 5 in Short Blades
 13386 | D:9      | Reached skill level 5 in Long Blades
 13386 | D:9      | Reached skill level 5 in Axes
 13386 | D:9      | Reached skill level 5 in Maces & Flails
 13386 | D:9      | Reached skill level 5 in Polearms
 13386 | D:9      | Reached skill level 5 in Staves
 13386 | D:9      | Reached skill level 5 in Slings
 13386 | D:9      | Reached skill level 5 in Crossbows
 13386 | D:9      | Reached skill level 5 in Throwing
 13386 | D:9      | Reached skill level 5 in Armour
 13386 | D:9      | Reached skill level 5 in Stealth
 13386 | D:9      | Reached skill level 5 in Shields
 13386 | D:9      | Reached skill level 5 in Unarmed Combat
 13386 | D:9      | Reached skill level 5 in Evocations
 13572 | D:9      | Reached * piety under Ashenzari
 14123 | D:9      | Learned a level 3 spell: Stone Arrow
 14533 | D:10     | Entered Level 10 of the Dungeon
 15265 | D:10     | Noticed a kobold demonologist
 15427 | D:10     | Killed a kobold demonologist
 15481 | D:10     | Reached XP level 11. HP: 70/80 MP: 18/20
 15653 | D:10     | Noticed Harold
 15680 | D:10     | Killed Harold
 15856 | D:10     | Found a staircase to the Orcish Mines.
 16138 | D:11     | Noticed Psyche
 16181 | D:11     | Noticed a two-headed ogre
 16298 | D:11     | Noticed a two-headed ogre
 16596 | D:11     | Killed a two-headed ogre
 16596 | D:11     | Reached skill level 5 in Conjurations
 16596 | D:11     | Reached skill level 5 in Charms
 16596 | D:11     | Reached skill level 5 in Summonings
 16596 | D:11     | Reached skill level 5 in Necromancy
 16596 | D:11     | Reached skill level 5 in Translocations
 16596 | D:11     | Reached skill level 5 in Transmutations
 16596 | D:11     | Reached skill level 5 in Fire Magic
 16596 | D:11     | Reached skill level 5 in Ice Magic
 16596 | D:11     | Reached skill level 5 in Air Magic
 16596 | D:11     | Reached skill level 5 in Earth Magic
 16596 | D:11     | Reached skill level 5 in Poison Magic
 16778 | D:11     | Killed an unseen horror
 17588 | D:11     | Killed a two-headed ogre
 17750 | D:11     | Found a staircase to the Lair.
 17751 | D:11     | Killed Psyche
 18164 | D:12     | Noticed a seven-headed hydra
 18667 | D:12     | Killed an unseen horror
 19254 | D:12     | Reached XP level 12. HP: 84/90 MP: 11/23
 19309 | D:12     | Reached ** piety under Ashenzari
 19647 | D:12     | Got the dire flail "Huifyi" {holy, Str+5}
 19907 | D:12     | Killed a four-headed hydra
 20416 | D:12     | Identified the +7 dire flail "Huifyi" {holy, Str+5} (You
                  | found it on level 12 of the Dungeon)
 20711 | D:13     | Got the cursed pair of gloves of Senn {rCorr Str+4}
 20901 | D:13     | Identified the cursed +0 pair of gloves of Senn {rCorr
                  | Str+4} (You found it on level 13 of the Dungeon)
 20927 | D:13     | Noticed a vault guard
 21413 | D:13     | Noticed a vault guard
 21440 | D:13     | Killed a vault guard
 21551 | D:13     | Noticed a vault guard
 21623 | D:13     | Noticed a deep elf knight
 21634 | D:13     | Killed a deep elf knight
 21637 | D:13     | Killed a vault guard
 21958 | D:13     | Found a runed translucent gate.
 21961 | D:13     | Found a runed translucent gate.
 22118 | D:13     | Found a runed translucent gate.
 22120 | D:13     | Noticed Mehrius's ghost (journeyman SpAs)
 22527 | D:13     | Killed a vault guard
 22616 | D:13     | Found a gate to the Vaults.
 22616 | D:13     | Noticed a vault guard
 22616 | D:13     | Noticed a vault guard
 22649 | D:13     | Killed a vault guard
 22649 | D:13     | Reached XP level 13. HP: 94/97 MP: 3/25
 22794 | D:13     | Killed a vault guard
 22976 | D:13     | Learned a level 5 spell: Yara's Violent Unravelling
 23247 | D:14     | Found a radiant altar of Vehumet.
 23315 | D:14     | Reached *** piety under Ashenzari
 24096 | D:14     | Found Wifibbe's Antique Weapon Shoppe.
 24156 | D:14     | Bought an iridescent dagger for 252 gold pieces
 24157 | D:14     | Identified the +8 dagger of Wutau {flame, rC+ Stlth+} (You
                  | bought it in a shop on level 14 of the Dungeon)
 24215 | D:15     | Entered Level 15 of the Dungeon
 24230 | D:15     | Noticed a vault guard
 24230 | D:15     | Noticed Kirke
 24245 | D:15     | Noticed a vault guard
 24255 | D:15     | Noticed a frost giant
 24261 | D:15     | Found a basalt altar of Yredelemnul.
 24262 | D:15     | Identified the +4 scale mail of Hedging {Regen+ Int+4
                  | Stlth+}
 24270 | D:15     | Identified the ring "Xuluffenapn" {Wiz rElec rPois rC-
                  | SInv}
 24417 | Lair:1   | Entered Level 1 of the Lair of Beasts
 25106 | Lair:1   | Found a basalt altar of Yredelemnul.
 25126 | Lair:1   | Got the short sword of Wyrd {vamp, rC+ MR+ Str+3 Int-5}
 25127 | Lair:1   | Identified the +10 short sword of Wyrd {vamp, rC+ MR+ Str+3
                  | Int-5} (You found it on level 1 of the Lair of Beasts)
 25144 | Lair:1   | Reached **** piety under Ashenzari
 25385 | Lair:2   | Noticed Urug
 25397 | Lair:2   | Killed Urug
 25567 | Lair:2   | Noticed Fannar
 25581 | Lair:2   | Killed Fannar
 26758 | Lair:2   | Found a staircase to the Shoals.
 27026 | Lair:3   | Reached XP level 14. HP: 106/107 MP: 23/27
 27232 | Lair:3   | Reached ***** piety under Ashenzari
 27343 | Lair:3   | Found a gate leading to a gauntlet.
 27368 | Gauntlet | Entered a Gauntlet
 27368 | Gauntlet | Found a transporter.
 27371 | Gauntlet | Found a transporter.
 27383 | Gauntlet | Found a transporter.
 27387 | Gauntlet | Found a transporter.
 27399 | Gauntlet | Found a transporter.
 27417 | Gauntlet | Identified the +2 pair of gloves "Asehebuu" {*Contam rElec
                  | Str+4 Dex-2}
 27417 | Gauntlet | Found a transporter.
 27430 | Gauntlet | Found a transporter.
 27447 | Gauntlet | Found a transporter.
 27451 | Gauntlet | Found a transporter.
 27452 | Gauntlet | Identified the cursed +0 pair of boots of Hur Qobo {rF-
                  | rCorr Dex+6 Stlth+}
 27460 | Gauntlet | Found a transporter.
 27484 | Gauntlet | Found a transporter.
 27488 | Gauntlet | Found a transporter.
 27902 | Gauntlet | Identified the Reference Book on the Helpful Entourage
 27903 | Gauntlet | Identified the amulet of Mos Ideh {Inacc +Inv Str+3 Int-4}
 27904 | Gauntlet | Got the longbow of Oreenelo {vorpal, rF+ rC+ Dex-4}
 27936 | Lair:3   | Reached skill level 10 in Bows
 27936 | Lair:3   | Reached skill level 10 in Dodging
 28330 | Lair:3   | Noticed Snorg
 28349 | Lair:3   | Killed Snorg
 29375 | Lair:4   | Found a hole to the Spider Nest.
 29753 | Lair:4   | Identified the +8 longbow of Oreenelo {vorpal, rF+ rC+
                  | Dex-4} (You found it in a Gauntlet)
 30695 | Lair:5   | Reached skill level 10 in Invocations
 31311 | Lair:5   | Found a viscous altar of Jiyva.
 31312 | Lair:5   | Found a staircase to the Slime Pits.
 31484 | Lair:6   | Entered Level 6 of the Lair of Beasts
 33551 | Lair:6   | Reached XP level 15. HP: 97/114 MP: 28/28
 33580 | Lair:6   | Reached skill level 10 in Spellcasting
 33934 | Lair:6   | Reached skill level 10 in Fighting
 34247 | Lair:6   | Identified the +0 ring mail of Qazewy {rF+ Str+2}
 34293 | Lair:6   | Got the war axe of Tujos {freeze, rC- rN+ Dex+7}
 35151 | Orc:1    | Entered Level 1 of the Orcish Mines
 35152 | Orc:1    | Identified a scroll of acquirement
 35154 | Orc:1    | Acquired 1570 gold pieces
 35367 | Orc:1    | Found a flagged portal.
 35388 | Bailey   | Entered a bailey
 36186 | Orc:1    | Reached ****** piety under Ashenzari
 36355 | Orc:2    | Entered Level 2 of the Orcish Mines
 36940 | Orc:2    | Reached skill level 10 in Hexes
 37240 | Orc:2    | Found Apytreesu's General Store.
 37240 | Orc:2    | Found Qulorruq's Book Boutique.
 37248 | Orc:2    | Found Kanufros's General Store.
 37250 | Orc:2    | Found Gake's Magic Scroll Shop.
 37254 | Orc:2    | Bought a book of Fire for 975 gold pieces
 37254 | Orc:2    | Bought a book of Power for 675 gold pieces
 37255 | Orc:2    | Bought a scroll of teleportation for 36 gold pieces
 37255 | Orc:2    | Bought 2 potions of curing for 72 gold pieces
 37255 | Orc:2    | Bought a potion of heal wounds for 60 gold pieces
 37263 | Orc:2    | Bought a scroll of identify for 28 gold pieces
 37263 | Orc:2    | Bought a scroll of remove curse for 42 gold pieces
 37266 | Orc:2    | Bought a manual of Short Blades for 1656 gold pieces
 37306 | Orc:2    | Found Saugoll's Food Boutique.
 37398 | Orc:2    | Found a staircase to the Elven Halls.
 37767 | Shoals:1 | Entered Level 1 of the Shoals
 37778 | Lair:2   | Learned a level 6 spell: Iron Shot
 37786 | Lair:2   | Learned a level 7 spell: Spellforged Servitor
 37826 | Shoals:1 | Reached skill level 10 in Short Blades
 37926 | Shoals:1 | Reached skill level 10 in Long Blades
 37926 | Shoals:1 | Reached skill level 10 in Axes
 37926 | Shoals:1 | Reached skill level 10 in Maces & Flails
 37926 | Shoals:1 | Reached skill level 10 in Polearms
 37926 | Shoals:1 | Reached skill level 10 in Staves
 37926 | Shoals:1 | Reached skill level 10 in Slings
 37926 | Shoals:1 | Reached skill level 10 in Crossbows
 37926 | Shoals:1 | Reached skill level 10 in Throwing
 37926 | Shoals:1 | Reached skill level 10 in Armour
 37926 | Shoals:1 | Reached skill level 10 in Stealth
 37926 | Shoals:1 | Reached skill level 10 in Shields
 37926 | Shoals:1 | Reached skill level 10 in Unarmed Combat
 37926 | Shoals:1 | Reached skill level 10 in Evocations
 40748 | Shoals:3 | Found a bloodstained altar of Trog.
 40775 | Shoals:3 | Reached XP level 16. HP: 124/124 MP: 17/30
 41187 | Shoals:3 | Noticed Polyphemus
 42275 | Shoals:3 | Killed Polyphemus
 43070 | Shoals:4 | Entered Level 4 of the Shoals
 43070 | Shoals:4 | Found Wacuyh's Antique Weapon Shop.
 43615 | Shoals:4 | Found Ehanaevaemn's Jewellery Shop.
 43839 | Shoals:4 | Found Xitz's Antique Armour Shop.
 44663 | Shoals:4 | Found Pympifei's Assorted Antiques.
 44683 | Shoals:4 | Bought a warped leather armour for 210 gold pieces
 44683 | Shoals:4 | Identified the +1 leather armour of Death's Door {Int+3
                  | Stlth+} (You bought it in a shop on level 4 of the Shoals)
 44931 | Shoals:4 | HP: 4/125 [water nymph/the raging water (26)]
 45278 | Shoals:4 | Killed from afar by a wind drake

Illustrated notes

Levels and vault maps discovered:
D:1:      dpeg_arrival_round_b, layout_loops_ring, dk_noncrumbling_3,
          minmay_door_square, minmay_tromino_i2
D:2:      layout_basic, hangedman_ru_absence
D:3:      layout_loops_ring, first_ration, lightli_sewer_entry_pipes
D:4:      layout_basic
D:5:      minmay_goblin_kobold_castle, layout_loops_ring,
          minmay_temple_entry_stoned_glass, gammafunk_ghost_stat_death,
          chequers_avenue, uniq_blork_the_orc, uniq_ijyb, uniq_eustachio,
          uniq_sigmund
D:6:      layout_loops_corners
D:7:      layout_basic, cheibrodos_ashenzari_chains,
          nicolae_overflow_hidden_temple, fedhas_bush_and_centaur_altar
D:8:      layout_basic, zaba_anthole, uniq_maggie
D:9:      layout_grid_maze, grunt_livestock
D:10:     layout_irregular_city, orc_0_dummy, uniq_harold
D:11:     layout_rooms, lair_entry_dummy, serial_glass, glass_columns_c,
          glass_columns_b, uniq_psyche
D:12:     layout_irregular_city, chequers_serial_rivers_large_a
D:13:     layout_irregular_city, grunt_vaults_entry_fortified,
          ebering_ghost_rock_garden
D:14:     layout_basic, minivault_26, basic_altar, kennysheep_small_square
D:15:     hangedman_spin_cycle, uniq_kirke
Temple:   regret_index_temple_chain_breaker
Lair:1:   layout_chaotic_city, basic_altar
Lair:2:   layout_cave_shapes, elwin_shoals_entry_stream, grunt_megastairs_3,
          infiniplex_staircase_pool, uniq_fannar, uniq_urug
Lair:3:   layout_cave_shapes, gauntlet_entry_generic,
          grunt_forest_small_clearings, uniq_snorg
Lair:4:   layout_cave_pods, nicolae_spider_entry_orb_guardian
Lair:5:   layout_roguey [special_room_mythical_zoo],
          dpeg_slime_entry_enclosed_altar
Lair:6:   minmay_lair_end_frog_pond, layout_misc_corridors, minivault_11
Shoals:1: layout_shoals
Shoals:2: layout_shoals
Shoals:3: cheibrodos_shoals_three_sisters, layout_shoals, lemuel_centaur_altar,
          uniq_polyphemus
Shoals:4: shoals_end_grunt_ice, layout_shoals, serial_shops,
          nicolae_shop_waterfront, shop, shop, nicolae_shop_behind_doors,
          nicolae_shop_trees
Orc:1:    layout_caves, lightli_bailey_entry_fortress
Orc:2:    st_orc_rangers, layout_caves, serial_shops, shop

Skill      XL: |  1  2  3  4  5  6  7  8  9 10 11 12 13 14 15 16 |
---------------+-------------------------------------------------+-----
Invocations    | 1 2 3 4 5 6 7 8 9 10 11 | 11.8
Short Blades   | 1 2 3 4 5 6 7 8 9 10 11 | 11.9
Long Blades    | 1 2 3 4 5 6 7 8 9 10 11 | 11.0
Axes           | 1 2 3 4 5 6 7 8 9 10 11 | 11.0
Maces & Flails | 1 2 3 4 5 6 7 8 9 10 11 | 11.0
Polearms       | 1 2 3 4 5 6 7 8 9 10 11 | 11.0
Staves         | 1 2 3 4 5 6 7 8 9 10 11 | 11.0
Slings         | 1 2 3 4 5 6 7 8 9 10 11 | 11.0
Crossbows      | 1 2 3 4 5 6 7 8 9 10 11 | 11.0
Throwing       | 1 2 3 4 5 6 7 8 9 10 11 | 11.0
Armour         | 1 2 3 4 5 6 7 8 9 10 11 | 11.0
Stealth        | 1 2 3 4 5 6 7 8 9 10 11 | 11.0
Shields        | 1 2 3 4 5 6 7 8 9 10 11 | 11.0
Unarmed Combat | 1 2 3 4 5 6 7 8 9 10 11 | 11.0
Evocations     | 1 2 3 4 5 6 7 8 9 10 11 | 11.0
Spellcasting   | 3 4 5 6 7 8 9 10 11 | 11.3
Conjurations   | 1 2 3 4 5 6 7 8 9 |  9.3
Charms         | 1 2 3 4 5 6 7 8 9 |  9.3
Summonings     | 1 2 3 4 5 6 7 8 9 |  9.3
Necromancy     | 1 2 3 4 5 6 7 8 9 |  9.3
Translocations | 1 2 3 4 5 6 7 8 9 |  9.3
Transmutations | 1 2 3 4 5 6 7 8 9 |  9.3
Fire Magic     | 1 2 3 4 5 6 7 8 9 |  9.3
Ice Magic      | 1 2 3 4 5 6 7 8 9 |  9.3
Air Magic      | 1 2 3 4 5 6 7 8 9 |  9.3
Earth Magic    | 1 2 3 4 5 6 7 8 9 |  9.3
Poison Magic   | 1 2 3 4 5 6 7 8 9 |  9.3
Fighting       | 3 4 5 6 7 8 9 10 11 | 11.2
Bows           | 5 6 7 8 9 10 11 | 11.8
Dodging        | 5 6 7 8 9 10 11 | 11.8
Hexes          | 6 7 8 9 10 | 10.7

Action                   |  1- 3 |  4- 6 |  7- 9 | 10-12 | 13-15 | 16-18 || total
-------------------------+-------+-------+-------+-------+-------+-------++-------
Melee: Unarmed           |   115 |       |       |       |       |       ||   115
       Shortbow          |    36 |    34 |    14 |       |       |       ||    84
       Bite              |    10 |     8 |    38 |    87 |   148 |    18 ||   309
       Dagger            |       |       |   300 |   532 |   365 |     6 ||  1203
       Punch             |       |       |     2 |    18 |    70 |    10 ||   100
       Scimitar          |       |       |       |     7 |       |       ||     7
       Quarterstaff      |       |       |       |     8 |       |     5 ||    13
       Dire flail        |       |       |       |     7 |     1 |       ||     8
       Short sword       |       |       |       |       |   501 |    76 ||   577
 Fire: Shortbow          |    86 |   241 |   159 |     3 |       |       ||   489
       Longbow           |       |       |       |       |   695 |   395 ||  1090
 Cast: Confusing Touch   |       |    16 |    20 |    26 |    82 |     8 ||   152
       Slow              |       |     2 |       |     7 |    13 |     4 ||    26
       Ensorcelled Hiber |       |       |    67 |   131 |    76 |     7 ||   281
       Tukima's Dance    |       |       |     6 |    23 |     2 |       ||    31
       Cause Fear        |       |       |     4 |     9 |    20 |    11 ||    44
       Corona            |       |       |     2 |       |       |       ||     2
       Mephitic Cloud    |       |       |       |    82 |    40 |    28 ||   150
       Stone Arrow       |       |       |       |    36 |    38 |       ||    74
       Yara's Violent Un |       |       |       |       |     4 |       ||     4
       Iron Shot         |       |       |       |       |    11 |    44 ||    55
Invok: Curse Item        |       |       |       |     5 |     2 |       ||     7
       Scrying           |       |       |       |       |     1 |       ||     1
 Abil: Evoke Flight      |       |       |       |       |    31 |    42 ||    73
       Stop Flying       |       |       |       |       |     3 |     7 ||    10
Evoke: Wand              |       |       |       |     9 |     1 |       ||    10
  Use: Potion            |     1 |       |       |       |     5 |     3 ||     9
       Scroll            |       |       |    11 |     8 |    16 |     6 ||    41
 Stab: Confused          |       |     1 |     8 |    41 |    61 |     3 ||   114
       Sleeping          |       |       |    33 |    62 |    58 |     2 ||   155
       Invisible         |       |       |       |       |     1 |       ||     1
       Distracted        |       |       |       |       |     2 |       ||     2
  Eat: Chunk             |     5 |    10 |    17 |    32 |    51 |    25 ||   140
       Ration            |       |       |     3 |     3 |     7 |     4 ||    17
Armor: Robe              |    39 |    14 |    33 |       |       |       ||    86
       Steam dragon scal |       |       |     6 |    67 |   132 |    34 ||   239
Dodge: Dodged            |   162 |   104 |   319 |   410 |   832 |   237 ||  2064
       Repelled          |       |       |       |       |    66 |    48 ||   114
       Rpst.: Scimitar   |       |       |       |     2 |       |       ||     2
